 Dungeon Crawl Stone Soup version 0.26-a0-665-gefeb406119 (webtiles) character file.

Game seed: 10754203508546317005

58 jasper the Sneak (level 3, -4/29 HPs)
             Began as a Demonspawn Delver on Oct 15, 2020.
             Slain by Natasha (5 damage)
             ... on level 4 of the Dungeon.
             The game lasted 00:01:43 (977 turns).

jasper the Sneak (Demonspawn Delver)                 Turns: 977, Time: 00:01:44

Health: -4/29      AC:  3    Str: 12    XL:     3   Next: 75%
Magic:  3/3        EV: 14    Int: 12    God:
Gold:   50         SH:  7    Dex: 14    Spells: 2/2 levels left

rFire    . . .     SeeInvis .     - Unarmed
rCold    . . .     Faith    .   i - +0 kite shield
rNeg     . . .     Spirit   .   a - +0 leather armour
rPois    .         Reflect  .   (no helmet)
rElec    .         Harm     .   (no cloak)
rCorr    .         Rampage  .   (no gloves)
MR       .....                  (no boots)
Stlth    ++........             (no amulet)
HPRegen  0.09/turn              (no ring)
MPRegen  0.08/turn              (no ring)

@: agile, hasted, very quick
A: hooves 1, powered by pain 1
a: no special abilities


You were on level 4 of the Dungeon.
You visited 1 branch of the dungeon, and saw 3 of its levels.

You collected 50 gold pieces.

Inventory:

Missiles
 j - a poisoned dart (quivered)
Armour
 a - a +0 leather armour (worn)
 h - the +0 chain mail "Ejaeholo" {Int+6}
   (You found it on level 4 of the Dungeon)

   It affects your intelligence (+6).
 i - a +0 kite shield (worn)
Wands
 f - a wand of digging (3)
Scrolls
 b - a scroll of fog
 c - a scroll of magic mapping
 d - a scroll of fear
 g - a scroll of noise {unknown}


   Skills:
 - Level 3.4 Fighting
 - Level 2.3 Dodging
 - Level 4.5 Stealth
 + Level 0.8 Shields
 * Level 2.8 Unarmed Combat


You had 2 spell levels left.
You didn't know any spells.
Your spell library was empty.

Dungeon Overview and Level Annotations

Branches:
Dungeon (5/15)
 Temple: D:4-7

Altars:

Annotations:
D:4 Natasha


Innate Abilities, Weirdness & Mutations

You have large cloven feet.
You sometimes gain a little power by taking damage.


Message History

There is a stone staircase leading up here.
You take 4 damage, and have 5/29 hp.
Unknown command.
You feel yourself speed up. Natasha claws you.
* * * LOW HITPOINT WARNING * * *
Natasha misses you.
You take 4 damage, and have 1/29 hp.
Unknown command.
Your shield prevents you from hitting Natasha.
Natasha is lightly wounded.
Natasha barely misses you.
You hit Natasha. Your kick misses Natasha.
Natasha is heavily wounded.
You block Natasha's attack.
Evoke which item? (* to show all) (? for menu, Esc to quit)
Okay, then.
You closely miss Natasha.
Natasha is moderately wounded.
Natasha claws you.
You die...

##### ##.## ....# #.#
###.# #.# ##'## ##
##...## .# ##....)## #
.# #.......## .## .##
#.........####...##.
....+.........'h@......[
....#....)....####...#.#
.#####.......## .## .#
##.....## # .# ##...## #
##+#


You could see Natasha (fast).

Vanquished Creatures
  Natasha (D:3)
  2 adders
  A worm (D:3)
  A leopard gecko (D:4)
  A ball python (D:3)
  A giant cockroach (D:4)
  2 goblins (D:3)
  2 bats (D:3)
  A kobold (D:3)
12 creatures vanquished.

Notes
Turn   | Place    | Note
-------+----------+-------------------------------------------
     0 | D:5      | jasper the Demonspawn Delver began the quest for the Orb.
     0 | D:5      | Reached XP level 1. HP: 18/18 MP: 1/1
     2 | D:5      | Noticed an ogre
    35 | D:4      | Gained mutation: You sometimes gain a little power by
                  | taking damage. [demonic ancestry]
    35 | D:4      | Reached XP level 2. HP: 20/24 MP: 2/2
   256 | D:4      | Got a pitted chain mail
   267 | D:4      | Identified the +0 chain mail "Ejaeholo" {Int+6} (You found
                  | it on level 4 of the Dungeon)
   485 | D:3      | Gained mutation: You have large cloven feet. [demonic
                  | ancestry]
   485 | D:3      | Reached XP level 3. HP: 14/29 MP: 3/3
   681 | D:3      | Noticed Natasha
   707 | D:3      | Killed Natasha
   822 | D:3      | Noticed Natasha
   974 | D:4      | HP: 1/29 [Natasha (4)]
   977 | D:4      | Slain by Natasha

Illustrated notes

Levels and vault maps discovered:
D:3:      layout_loops_ring, kennysheep_flooded_box, uniq_natasha
D:4:      layout_loops_corners, uniq_ijyb
D:5:      layout_rooms, chequers_temple_overflow_minitemple, serial_shops,
          nicolae_shop_behind_doors

Skill      XL: |  1 |
---------------+----+-----
Dodging        | 2 |  2.3
Unarmed Combat | 2 |  2.8
Fighting       | |  3.4
Stealth        | |  4.5
Shields        | |  0.8

Action                   || total
-------------------------++-------
Melee: Unarmed           ||    66
       Punch             ||     1
       Kick              ||     1
Throw: Dart              ||    23
  Use: Potion            ||     2
 Stab: Sleeping          ||     2
       Distracted        ||     1
Armor: Leather armour    ||     4
       Chain mail        ||    24
Dodge: Dodged            ||    30
Block: Kite shield       ||     4

Table legend: (Time is in decaauts)
 A = Elapsed time spent in this place.
 B = Non-inter-level travel time spent in this place.
 C = Inter-level travel time spent in this place.
 D = Time resting spent in this place.
 E = Time spent auto-exploring this place.
 F = Levels seen in this place.
 G = Mean time per level.
                   A        B        C        D        E       F      G
               +--------+--------+--------+--------+--------+-----+--------+
         Total |    969 |    969 |      0 |    287 |    474 |   3 |  323.0 |
       Dungeon |    969 |    969 |      0 |    287 |    474 |   3 |  323.0 |
               +--------+--------+--------+--------+--------+-----+--------+

Top non-repeatable levels by time:
     D:3: 551 daAuts
     D:4: 405 daAuts
     D:5: 12 daAuts
